AoeStats
← TowersAreArmy

African Clearing

505834625Analyzed
4v4 RM · 20d ago on Sep 11, 2026· 58m 37s· 8 players
Game mode
Random Map
Map size
Large (8 player)
Population
200
Speed
Normal
Resources
Standard
Victory
Conquest
Starting age
Dark Age
Ending age
Imperial Age
RankedLock teamsTeams togetherTeam positionsShared explorationLock speedFull tech treeHidden civsTurbo modeCheats
Victory
Defeat
🇫🇷 Romans · France
1586
+15
🇫🇷 Malay · France
1579
+16
🇨🇦 Malians · Canada
1536
+17
🇸🇰 Inca · Slovakia
1521
+18
🇩🇪 Ethiopians · Germany
1639
-20
🇩🇪 Poles · Germany
1578
-17
🇩🇪 Franks · Germany
1565
-16
🇩🇪 Celts · Germany
1484
-13
=)Svanhilde
4:42 Loom
14:53 Feudal Age
17:54 Castle Age
16:31 Double-Bit Axe
16:26 Horse Collar
18:21 Bow Saw
24:00 Fletching
26:07 Crossbowman
26:58 Bodkin Arrow
30:32 Gold Mining
30:32 Stone Mining
31:21 Wheelbarrow
31:19 Town Watch
37:43 Ballistics
41:07 Imperial Age
39:14 Padded Archer Armor
39:47 Heavy Plow
40:41 Leather Archer Armor
40:37 Bracer
41:48 Chemistry
41:38 Conscription
41:36 Leather Archer Armor
42:51 Ring Archer Armor
42:42 Siege Engineers
43:23 Thumb Ring
43:09 Arbalester
44:24 Masonry
45:11 Wheelbarrow
49:53 Treadmill Crane
50:08 Murder Holes
50:11 Elite Karambit Warrior
51:03 Forging
52:54 Iron Casting
53:24 Crop Rotation
53:18 Gold Mining
53:19 Stone Mining
53:20 Elite Skirmisher
55:02 Blast Furnace
55:18 Guilds
57:42 Hand Cart
The Get Sum
13:03 Feudal Age
14:29 Loom
17:26 Castle Age
15:35 Double-Bit Axe
15:58 Gold Mining
16:06 Horse Collar
18:06 Wheelbarrow
19:18 Bow Saw
32:26 Imperial Age
30:53 Hand Cart
31:15 Gold Shaft Mining
31:15 Scale Barding Armor
31:20 Forging
31:39 Stone Mining
32:26 Bloodlines
32:17 Husbandry
32:40 Chain Barding Armor
32:47 Cavalier
34:46 Plate Barding Armor
35:14 Heavy Plow
37:01 Iron Casting
39:36 Blast Furnace
39:15 Heavy Scorpion
43:06 Ballistics
43:47 Chemistry
43:10 Heavy Scorpion
50:30 Light Cavalry
55:20 Siege Engineers
56:49 Fletching
57:00 Scale Mail Armor
57:48 Caravan
57:54 Capped Ram
TowersAreArmy
11:39 Feudal Age
10:42 Loom
13:05 Double-Bit Axe
14:05 Horse Collar
16:13 Scale Barding Armor
16:30 Forging
17:31 Scale Barding Armor
23:41 Castle Age
22:26 Bloodlines
24:26 Husbandry
23:48 Light Cavalry
25:02 Chain Barding Armor
29:13 Town Watch
31:13 Wheelbarrow
34:34 Scale Mail Armor
38:31 Imperial Age
37:22 Chain Mail Armor
38:31 Iron Casting
37:58 Squires
38:28 Gold Mining
38:59 Elite Gbeto
40:58 Plate Mail Armor
50:10 Fletching
52:11 Arson
54:38 Conscription
57:05 Stone Mining
57:11 Bodkin Arrow
ReigNessaince
10:49 Loom
13:16 Feudal Age
15:05 Town Watch
15:44 Fletching
16:07 Champi Runner
17:08 Scale Mail Armor
21:28 Double-Bit Axe
22:33 Horse Collar
28:01 Castle Age
25:56 Arson
28:10 Champi Warrior
29:07 Chain Mail Armor
29:03 Forging
28:55 Squires
43:45 Wheelbarrow
46:31 Imperial Age
44:33 Bow Saw
46:04 Heavy Plow
45:55 Gold Mining
45:56 Stone Mining
46:33 Elite Champi Warrior
47:44 Plate Mail Armor
47:22 Fabric Shields
47:43 Conscription
48:10 Iron Casting
48:51 Pikeman
51:02 Crop Rotation
51:09 Gold Shaft Mining
51:10 Stone Shaft Mining
51:51 Blast Furnace
50:34 Treadmill Crane
51:05 Masonry
50:26 Halberdier
52:48 Town Patrol
53:04 Hand Cart
54:49 Coinage
54:29 Guilds
54:24 Guard Tower
54:21 Arrowslits
54:32 Murder Holes
54:34 Bodkin Arrow
55:03 Fortified Wall
56:00 Chemistry
56:41 Keep
56:27 Ballistics
56:08 Bracer
56:42 Banking
57:17 Siege Engineers
Öl1ng
8:17 Loom
11:42 Feudal Age
16:15 Castle Age
26:44 Double-Bit Axe
27:36 Horse Collar
31:51 Scale Mail Armor
34:54 Wheelbarrow
36:23 Szlachta Privileges
38:52 Bow Saw
42:29 Imperial Age
40:56 Scale Barding Armor
41:35 Bloodlines
41:25 Husbandry
40:48 Light Cavalry
42:01 Chain Barding Armor
42:41 Town Watch
42:34 Cavalier
43:28 Forging
43:54 Hand Cart
43:47 Gold Mining
45:00 Iron Casting
44:18 Fletching
46:20 Chemistry
45:41 Ballistics
45:32 Masonry
48:09 Blast Furnace
48:44 Lechitic Legacy
48:49 Conscription
47:56 Winged Hussar
50:47 Heavy Plow
51:12 Bodkin Arrow
54:43 Crop Rotation
58:47 Bracer
JamesNewstedd
14:12 Feudal Age
13:26 Loom
17:48 Castle Age
16:00 Double-Bit Axe
27:06 Bow Saw
31:50 Wheelbarrow
38:59 Hand Cart
39:26 Town Watch
42:46 Imperial Age
40:16 Gold Mining
40:42 Fletching
41:04 Stone Mining
43:31 Onager
105er.G0ldenFir3
5:02 Loom
6:41 Loom
13:15 Feudal Age
14:11 Double-Bit Axe
14:41 Double-Bit Axe
17:09 Castle Age
18:53 Bow Saw
20:03 Wheelbarrow
24:23 Gold Mining
27:45 Gold Shaft Mining
27:35 Stone Mining
28:48 Hand Cart
28:16 Horse Collar
28:58 Heavy Plow
31:36 Imperial Age
30:01 Fletching
30:11 Padded Archer Armor
30:32 Ballistics
30:34 Heavy Plow
30:46 Bodkin Arrow
30:46 Crossbowman
31:32 Thumb Ring
32:11 Leather Archer Armor
32:04 Scale Mail Armor
32:20 Bracer
33:28 Chemistry
32:05 Arbalester
36:00 Two-Man Saw
37:02 Conscription
36:03 Halberdier
36:44 Squires
37:11 Siege Engineers
37:18 Squires
38:19 Town Watch
38:46 Masonry
38:45 Scale Mail Armor
39:00 Leather Archer Armor
40:31 Two-Man Saw
41:05 Chain Mail Armor
42:11 Torsion Engines
43:48 Coinage
44:51 Plate Mail Armor
44:52 Ring Archer Armor
44:53 Architecture
45:41 Banking
105er.James Newstedd
10:11 Loom
10:58 Loom
13:27 Feudal Age
17:12 Castle Age
33:28 Scale Barding Armor
55:27 Wheelbarrow
54:37 Town Watch
55:43 Gold Mining
55:43 Stone Mining
60:45 Imperial Age
Connection lost

Rejoining the realm…

Still unreachable

The connection could not be restored.

Session expired

The server has moved on; the page needs a fresh start.